 Dungeon Crawl Stone Soup version 0.22.1-2-g9c5b331 (webtiles) character file.

133 tidbits the Caller (level 5, -2/37 HPs)
             Began as a Gnoll Summoner on Dec 5, 2018.
             Slain by a sky beast (5 damage)
             ... on level 5 of the Dungeon.
             The game lasted 00:09:25 (682 turns).

tidbits the Caller (Gnoll Summoner)                  Turns: 682, Time: 00:09:26

Health: -2/37      AC:  2    Str: 10    XL:     5   Next: 16%
Magic:  6/12       EV: 15    Int: 18    God:
Gold:   118        SH:  0    Dex: 16    Spells: 3/14 levels left

rFire    . . .     SeeInvis .   a - +0 short sword
rCold    . . .     Gourm    .   (no shield)
rNeg     . . .     Faith    .   e - +0 robe
rPois    .         Spirit   .   (no helmet)
rElec    .         Reflect  .   (no cloak)
rCorr    .         Harm     .   (no gloves)
MR       .....                  (no boots)
Stlth    +++.......             (no amulet)
HPRegen  0.12/turn              (no ring)
MPRegen  0.13/turn              (no ring)

@: lethally poisoned (-2 -> -4), very slightly contaminated, hasted, invisible,
very quick
A: distributed training, fangs 1, strong nose
a: no special abilities


You were on level 5 of the Dungeon.
You were not hungry.

You visited 1 branch of the dungeon, and saw 5 of its levels.

You collected 118 gold pieces.

Inventory:

Hand Weapons
 a - a +0 short sword (weapon)
Missiles
 b - 9 arrows
 j - 38 sling bullets
Armour
 d - a +0 shield
 e - a +0 robe (worn)
Scrolls
 f - a scroll of blinking
 g - 2 scrolls of enchant weapon
 k - a scroll of magic mapping {unknown}
 t - a scroll of teleportation
Comestibles
 c - a ration


   Skills:
 + Level 1.3 Fighting
 + Level 1.3 Short Blades
 + Level 1.3 Long Blades
 + Level 1.3 Axes
 + Level 1.3 Maces & Flails
 + Level 1.3 Polearms
 + Level 1.3 Staves
 + Level 1.3 Slings
 + Level 1.3 Bows
 + Level 1.3 Crossbows
 + Level 1.3 Throwing
 + Level 1.3 Armour
 + Level 4.7 Dodging
 + Level 4.3 Stealth
 + Level 1.3 Shields
 + Level 1.3 Unarmed Combat
 + Level 5.1 Spellcasting
 + Level 1.1 Conjurations
 + Level 1.1 Hexes
 + Level 1.1 Charms
 + Level 7.1 Summonings
 + Level 1.1 Necromancy
 + Level 1.1 Translocations
 + Level 1.1 Transmutations
 + Level 1.1 Fire Magic
 + Level 1.1 Ice Magic
 + Level 1.1 Air Magic
 + Level 1.1 Earth Magic
 + Level 1.1 Poison Magic
 + Level 1.5 Invocations
 + Level 1.3 Evocations


You had 3 spell levels left.
You knew the following spells:

 Your Spells              Type           Power        Failure   Level  Hunger
a - Summon Small Mammal   Summ           ####         1%          1    None
c - Call Canine Familiar  Summ           ####....     1%          3    ##.....
e - Beastly Appendage     Tmut           #.....       9%          1    None
k - Sticks to Snakes      Tmut           #.......     13%         2    #......
L - Summon Lightning Spi  Summ/Air       ###.....     24%         4    ####...

Your spell library contained the following spells:

 Spells                   Type           Power        Failure   Level  Hunger
 Call Imp                 Summ           ####....     1%          2    #......
 Summon Guardian Golem    Hex/Summ       ###.....     7%          3    ##.....
 Spider Form              Tmut/Pois      #.........   26%         3    ##.....
 Summon Ice Beast         Ice/Summ       ###.....     24%         4    ####...
 Ice Form                 Ice/Tmut       #.......     63%         4    ####...
 Blade Hands              Tmut           #.........   93%         5    ######.


Dungeon Overview and Level Annotations

Branches:
Dungeon (5/15)
 Temple: D:4-7

Altars:

Annotations:
D:3 Robin


Innate Abilities, Weirdness & Mutations

Your experience applies equally to all skills.
You have very sharp teeth.
Your uncanny sense of smell can sniff out nearby items.


Message History

Okay, then.
Unknown command.
Found a scroll labeled EZYNAI MON QING.
Your lightning spire disappears in a puff of smoke!
A hound comes into view.
Found 24 gold pieces.
Casting: Summon Lightning Spire (slightly dangerous; 24% risk of failure)
Confirm with . or Enter, or press ? or * to list all spells.
Aiming: Summon Lightning Spire (slightly dangerous; 24% risk of failure)
Press: ? - help, Dir - move target cursor An electric hum fills the air.
Unknown command.
What are your orders? t - Bark!
Orders for allies: a - Attack new target. r - Retreat! s - Stop attacking. g - Guard the area. f - Follow me.
Anything else - Cancel.
Gang up on whom?
Press: ? - help, Dir - move target cursor, f - hound
Aim: a hound Attack!
What are your orders? t - Bark!
Orders for allies: a - Attack new target. p - Attack previous target. r - Retreat! s - Stop attacking. g - Guard the area. f - Follow me.
Anything else - Cancel.
Gang up on whom?
Press: ? - help, Dir - move target cursor, f/p - hound
Aim: a hound Attack!
The hound bites you.
You miss the hound. The hound bites you.
Your lightning spire shoots out a bolt of lightning at the hound!
The bolt of electricity hits the hound. x2
The hound dies!
You have reached level 5!
The bolt of electricity hits your lightning spire.
Your lightning spire completely resists.
Unknown command.
You see here a scroll labeled EZYNAI MON QING.
k - a scroll labeled EZYNAI MON QING An adder comes into view.
Found a fuming golden potion.
Unknown command.
A hound skeleton comes into view.
You hear a distant blaring wail to the northwest.
Unknown command.
The adder hisses angrily.
You hit the adder.
The adder is lightly wounded.
The adder barely misses you. The adder bites you.
You are poisoned.
The adder poisons you!
You feel sick.
You feel sick.
Your lightning spire shoots out a bolt of lightning at the adder!
The bolt of electricity hits the adder.
The adder dies!
You feel sick.
You hear a distant slurping noise.
You hear a distant slurping noise.
You feel sick.
A sky beast comes into view.
You see here 24 gold pieces.
You now have 118 gold pieces (gained 24).
The sky beast hits your lightning spire but does no damage.
The hound skeleton barely misses you.
Casting: Summon Lightning Spire (slightly dangerous; 24% risk of failure)
Confirm with . or Enter, or press ? or * to list all spells.
Your lightning spire disappears in a puff of smoke!
The hound skeleton barely misses you.
You hit the hound skeleton. You bite the hound skeleton.
The hound skeleton is moderately damaged.
The hound skeleton barely misses you.
Your hound bites the hound skeleton.
You barely miss the hound skeleton.
The hound skeleton is severely damaged.
You feel sick. The hound skeleton bites you.
* * * LOW HITPOINT WARNING * * *
Your hound barely misses the hound skeleton.
The sky beast flickers out of sight!
The hound skeleton misses you.
Your hound bites the hound skeleton.
Something barely misses you.
It was a potion of invisibility.
You fade into invisibility!
Your hound bites the hound skeleton.
The hound skeleton bites you.
* * * LOW HITPOINT WARNING * * *
Something hits you.
* * * LOW HITPOINT WARNING * * *
Something shocks you.
* * * LOW HITPOINT WARNING * * *
You are very lightly contaminated with residual magic.
Unknown command.
It was a potion of haste.
You feel yourself speed up.
Your hound bites the hound skeleton.
The hound skeleton is destroyed!
Something hits you.
* * * LOW HITPOINT WARNING * * *
Something shocks you.
You die...

..........##
##........##
#...#..>..#
......#.#......
#### #.#.####..
∆ # #...######
#.##.......#
#.....#..h.#
####.....@.# #
##......#
....####......#
#.......##...#
##.#.........#
#.....#####..#
#...... ...!
........ ....
..##...... ∆..


You could see a friendly hound.

Vanquished Creatures
  4 adders (D:2)
  A hobgoblin (D:2)
  A kobold (D:2)
  A quokka (D:3)
  2 frilled lizards
9 creatures vanquished.

Vanquished Creatures (collateral kills)
  An ogre (D:5)
  A hound (D:5)
  A hound skeleton (D:5)
  3 adders
  An adder skeleton (D:5)
  A worm (D:2)
  A dart slug (D:2)
  A leopard gecko (D:2)
  A giant cockroach (D:5)
  A goblin (D:2)
  3 hobgoblins
  A ball python (D:2)
  A frilled lizard (D:2)
  2 kobolds
  2 rats (D:2)
21 creatures vanquished.

Grand Total: 30 creatures vanquished

Notes
Turn   | Place    | Note
-------+----------+-------------------------------------------
     0 | D:1      | tidbits the Gnoll Summoner began the quest for the Orb.
     0 | D:1      | Reached XP level 1. HP: 13/13 MP: 6/6
     4 | D:1      | Noticed an electric eel
     4 | D:1      | Noticed an electric eel
   212 | D:2      | Reached XP level 2. HP: 20/20 MP: 7/7
   267 | D:2      | Learned a level 1 spell: Beastly Appendage
   279 | D:2      | Reached skill level 5 in Spellcasting
   279 | D:2      | Reached XP level 3. HP: 23/25 MP: 4/9
   288 | D:2      | Learned a level 3 spell: Call Canine Familiar
   302 | D:3      | Noticed Robin
   340 | D:2      | Learned a level 2 spell: Sticks to Snakes
   346 | D:2      | Reached skill level 1 in Invocations
   493 | D:3      | Reached skill level 1 in Fighting
   493 | D:3      | Reached skill level 1 in Short Blades
   493 | D:3      | Reached skill level 1 in Long Blades
   493 | D:3      | Reached skill level 1 in Axes
   493 | D:3      | Reached skill level 1 in Maces & Flails
   493 | D:3      | Reached skill level 1 in Polearms
   493 | D:3      | Reached skill level 1 in Staves
   493 | D:3      | Reached skill level 1 in Slings
   493 | D:3      | Reached skill level 1 in Bows
   493 | D:3      | Reached skill level 1 in Crossbows
   493 | D:3      | Reached skill level 1 in Throwing
   493 | D:3      | Reached skill level 1 in Armour
   493 | D:3      | Reached skill level 1 in Shields
   493 | D:3      | Reached skill level 1 in Unarmed Combat
   493 | D:3      | Reached skill level 1 in Evocations
   527 | D:2      | Reached XP level 4. HP: 14/32 MP: 6/11
   534 | D:2      | Learned a level 4 spell: Summon Lightning Spire
   591 | D:4      | Noticed a phantom
   591 | D:4      | Noticed an ogre
   632 | D:5      | Entered Level 5 of the Dungeon
   632 | D:5      | Noticed an ogre
   639 | D:5      | Killed an ogre
   639 | D:5      | Reached skill level 1 in Conjurations
   639 | D:5      | Reached skill level 1 in Hexes
   639 | D:5      | Reached skill level 1 in Charms
   639 | D:5      | Reached skill level 1 in Necromancy
   639 | D:5      | Reached skill level 1 in Translocations
   639 | D:5      | Reached skill level 1 in Transmutations
   639 | D:5      | Reached skill level 1 in Fire Magic
   639 | D:5      | Reached skill level 1 in Ice Magic
   639 | D:5      | Reached skill level 1 in Air Magic
   639 | D:5      | Reached skill level 1 in Earth Magic
   639 | D:5      | Reached skill level 1 in Poison Magic
   659 | D:5      | Reached XP level 5. HP: 22/37 MP: 6/12
   676 | D:5      | Noticed a sky beast
   681 | D:5      | HP: 6/37 [something (5)]
   682 | D:5      | Slain by a sky beast

Skill      XL: |  1  2  3  4 |
---------------+-------------+-----
Spellcasting   | 5 |  5.1
Invocations    | 1 |  1.5
Fighting       | 1 |  1.3
Short Blades   | 1 |  1.3
Long Blades    | 1 |  1.3
Axes           | 1 |  1.3
Maces & Flails | 1 |  1.3
Polearms       | 1 |  1.3
Staves         | 1 |  1.3
Slings         | 1 |  1.3
Bows           | 1 |  1.3
Crossbows      | 1 |  1.3
Throwing       | 1 |  1.3
Armour         | 1 |  1.3
Shields        | 1 |  1.3
Unarmed Combat | 1 |  1.3
Evocations     | 1 |  1.3
Conjurations   | 1 |  1.1
Hexes          | 1 |  1.1
Charms         | 1 |  1.1
Necromancy     | 1 |  1.1
Translocations | 1 |  1.1
Transmutations | 1 |  1.1
Fire Magic     | 1 |  1.1
Ice Magic      | 1 |  1.1
Air Magic      | 1 |  1.1
Earth Magic    | 1 |  1.1
Poison Magic   | 1 |  1.1
Dodging        | |  4.7
Stealth        | |  4.3
Summonings     | |  7.1

Action                   |  1- 3 |  4- 6 || total
-------------------------+-------+-------++-------
Melee: Short sword       |    33 |     6 ||    39
       Unarmed           |     1 |       ||     1
       Headbutt          |     1 |       ||     1
       Bite              |     1 |     1 ||     2
       Kick              |     1 |       ||     1
       Punch             |     1 |       ||     1
 Cast: Summon Small Mamm |    21 |       ||    21
       Beastly Appendage |     5 |       ||     5
       Call Canine Famil |     3 |     3 ||     6
       Summon Lightning  |       |     2 ||     2
  Use: Scroll            |     4 |     2 ||     6
       Potion            |     1 |     2 ||     3
 Stab: Sleeping          |     3 |       ||     3
       Distracted        |     1 |       ||     1
Armor: Robe              |     4 |       ||     4
Dodge: Dodged            |    24 |     7 ||    31

Table legend:
 A = Turns spent in this place as a percentage of turns spent in the entire game.
 B = Non-inter-level travel turns spent in this place as a percentage of non-inter-level travel turns spent in the entire game.
 C = Inter-level travel turns spent in this place as a percentage of turns spent in this place.
 D = Turns resting spent in this place as a percentage of non-inter-level travel turns spent in this place.
 E = Turns spent auto-exploring this place as a percentage of non-inter-level travel turns spent in this place.
 F = Non-inter-level travel turns spent in this place divided by the number of levels of this place that you've seen.
                   A       B       C       D       E      F
               +-------+-------+-------+-------+-------+----------------------
         Total | 100.0 | 100.0 |   2.5 |   0.0 |   0.0 | 133.0
       Dungeon | 100.0 | 100.0 |   2.5 |   0.0 |   0.0 | 133.0
               +-------+-------+-------+-------+-------+----------------------

Table legend:
 A = Kills in this place as a percentage of kills in entire the game.
 B = Kills by you in this place as a percentage of kills by you in the entire game.
 C = Kills by friends in this place as a percentage of kills by friends in the entire game.
 D = Other kills in this place as a percentage of other kills in the entire game.
 E = Experience gained in this place as a percentage of experience gained in the entire game.
 F = Experience gained in this place divided by the number of levels of this place that you have seen.
                   A       B       C       D       E      F
               +-------+-------+-------+-------+-------+----------------------
         Total | 100.0 | 100.0 | 100.0 |   N/A | 100.0 |  38.2
       Dungeon | 100.0 | 100.0 | 100.0 |   N/A | 100.0 |  38.2
               +-------+-------+-------+-------+-------+----------------------

Vault maps used:
D:1:      arrival_aquarium_b
D:3:      nicolae_overflow_hidden_temple, first_ration, uniq_robin
D:4:      led_sif_pool, minmay_box_of_dots
D:5:      kennysheep_mini, kennysheep_mini_moat,
          chequers_temple_overflow_statue_of_worship, serial_curves,
          eino_curves_01, eino_curves_04, uniq_pikel, uniq_ijyb, uniq_sigmund
